 Dungeon Crawl Stone Soup version 0.30-a0-586-g23e55c9e0a (webtiles) character file.

Game seed: 14253948048405923705

70 Dartaoz the Conjurer (level 4, -8/35 HPs)
             Began as a Draconian Conjurer on Jan 3, 2023.
             Killed by divine providence
             ... invoked by an orc priest
              (12 damage)
             ... on level 2 of the Dungeon.
             The game lasted 00:09:57 (1835 turns).

Dartaoz the Conjurer (Draconian Conjurer)           Turns: 1835, Time: 00:09:58

Health: -8/35      AC:  6    Str:  9    XL:     4   Next: 3%
Magic:  2/7        EV: 12    Int: 20    God:
Gold:   96         SH:  0    Dex: 10    Spells: 5/8 levels left

rFire   . . .      SeeInvis .    m - staff of cold
rCold   + . .      Faith    .    (no shield)
rNeg    . . .      Spirit   .    (body armour unavailable)
rPois   .          Reflect  .    (helmet restricted)
rElec   .          Harm     .    g - +0 cloak
rCorr   .          Rampage  .    (no gloves)
Will    .....                    (no boots)
Stlth   +                        (no amulet)
HPRegen 0.25/turn                (no ring)
MPRegen 0.10/turn                (no ring)

@: confused
A: AC +5, unfitting armour, cold-blooded
a: no special abilities


You were on level 2 of the Dungeon.
You visited 1 branch of the dungeon, and saw 3 of its levels.

You collected 96 gold pieces.

Inventory:

Hand Weapons
 e - a +0 whip
Armour
 g - a +0 cloak (worn)
Magical Staves
 m - a staff of cold (weapon)
 p - a staff of death
Scrolls
 b - 5 scrolls of identify {unknown}
 c - 2 scrolls of fog {unknown}
 f - 2 scrolls of teleportation {unknown}
 h - a scroll of vulnerability {unknown}
 i - a scroll of butterflies {unknown}
Potions
 a - a potion of magic
 d - a potion of might {unknown}
 j - a potion of ambrosia {unknown}
 k - a potion of mutation {unknown}
 l - a potion of curing {unknown}
 n - a potion of attraction {unknown}
 o - a potion of flight {unknown}


   Skills:
 + Level 1.4 Fighting
 + Level 2.3 Dodging
 + Level 2.5 Stealth
 + Level 2.5 Spellcasting
 + Level 4.3 Conjurations


You had 5 spell levels left.
You knew the following spells:

 Your Spells              Type           Power      Damage    Failure   Level
a - Magic Dart            Conj           80%        1d7       2%          1
b - Searing Ray           Conj           40%        2d5       3%          2

Your spell library contained the following spells:

 Spells                   Type           Power      Damage    Failure   Level
 Dazzling Flash           Conj/Hex       22%        N/A       19%         3
 Fulminant Prism          Conj/Hex       5%         3d7       52%         4
 Iskenderun's Mystic Bla  Conj/Tloc      11%        2d4       52%         4


Dungeon Overview and Level Annotations

Branches:
Dungeon (3/15)

Altars:


Innate Abilities, Weirdness & Mutations

Your plain brown scales are hard. (AC +5)
You cannot fit into any form of body armour.
You are cold-blooded and may be slowed by cold attacks.


Message History

The orc priest miscasts a cantrip.
Casting: Magic Dart (safe; 2% risk of failure)
Confirm with . or Enter, or press ? or * to list all spells.
Aiming: Searing Ray (safe; 3% risk of failure)
Press: ? - help, Shift-Dir - straight line, f - orc priest
Aim: an orc priest, wielding a +0 club (78% to hit)
The searing ray hits the orc priest.
The orc priest is heavily wounded.
The searing ray hits the orc!
You kill the orc! (Press . to maintain the ray.)
The orc wizard casts a spell at you. You resist with some effort.
The orc priest hits you with a +0 club.
You hit the orc priest.
The orc priest is heavily wounded.
The orc priest hits you but does no damage.
The orc wizard hits you but does no damage.
You hit the orc priest.
The orc priest is severely wounded.
The orc priest closely misses you.
The orc wizard gestures at you while chanting.
The magic dart hits you!
* * * LOW HITPOINT WARNING * * *
The orc priest looks satisfied for a moment.
The orc wizard gestures at you while chanting.
The magic dart hits you!
* * * LOW HITPOINT WARNING * * *
You hit the orc priest but do no damage.
The orc priest is severely wounded.
The orc wizard gestures wildly while chanting.
The orc wizard flickers and vanishes!
Deactivating autopickup; reactivate with Ctrl-A.
The orc priest barely misses you.
You hit the orc priest.
The orc priest is almost dead.
You hear some strange, mumbled words.
You are confused.
The orc priest invokes the aid of Beogh against you.
Beogh smites you!
You die...

###### ########## ##....########
#........#
##..##........###........####
#..##########...............#
#.## ####............# ##.#
##...........# ##..# ######
#####....)......## #..## #....#
#.@o>............#
#.#####....####.{##............##
)................#############..#
.######....##.#### ######.# .##
#....##.# #....... ..## #######.#
#....... ...####.......# #.......
#....##.####### #.......
##.#....# #.......


You could see an orc priest.

Vanquished Creatures
  A gnoll (D:1)
  2 adders
  A worm (D:2)
  2 orcs
  2 endoplasms (D:2)
  2 giant cockroaches (D:2)
  7 goblins
  6 hobgoblins
  5 ball pythons
  5 frilled lizards
  A kobold (D:2)
  4 rats
38 creatures vanquished.

Notes
Turn   | Place    | Note
-------+----------+-------------------------------------------
     0 | D:1      | Dartaoz the Draconian Conjurer began the quest for the Orb.
     0 | D:1      | Reached XP level 1. HP: 14/14 MP: 3/3
   458 | D:1      | Reached XP level 2. HP: 18/22 MP: 1/5
   515 | D:1      | Learned a level 2 spell: Searing Ray
   872 | D:2      | Reached skill level 1 in Fighting
  1043 | D:2      | Reached XP level 3. HP: 28/28 MP: 0/6
  1783 | D:3      | Found a faded altar of an unknown god.
  1810 | D:3      | Reached XP level 4. HP: 34/35 MP: 1/7
  1835 | D:2      | Killed from afar by an orc priest

Illustrated notes

Levels and vault maps discovered:
D:1:      heliophobic_arrival_glass_houses, layout_basic
D:2:      layout_rooms, grunt_ministairs_1, minmay_tromino_v7
D:3:      layout_rooms, serial_shops, nicolae_shop_advertising_works
          [nicolae_subvault_shop_adworks], hellmonk_ecumenical_altar_lost_god

Skill      XL: |  1  2 |
---------------+-------+-----
Dodging        | 2 |  2.3
Stealth        | 2 |  2.5
Fighting       | 1 |  1.4
Spellcasting   | |  2.5
Conjurations   | |  4.3

Action                   |  1- 3 |  4- 6 || total
-------------------------+-------+-------++-------
Melee: Whip              |    17 |       ||    17
       Tailslap          |     1 |       ||     1
       Punch             |     1 |       ||     1
       Staff             |       |     7 ||     7
 Cast: Magic Dart        |    50 |       ||    50
       Searing Ray       |     9 |     1 ||    10
Armor: Skin              |     6 |     7 ||    13
Dodge: Dodged            |    24 |     8 ||    32

Table legend: (Time is in decaauts)
 A = Elapsed time spent in this place.
 B = Non-inter-level travel time spent in this place.
 C = Inter-level travel time spent in this place.
 D = Time resting spent in this place.
 E = Time spent auto-exploring this place.
 F = Levels seen in this place.
 G = Mean time per level.
                   A        B        C        D        E       F      G
               +--------+--------+--------+--------+--------+-----+--------+
         Total |   1836 |   1836 |      0 |      0 |   1473 |   3 |  612.0 |
       Dungeon |   1836 |   1836 |      0 |      0 |   1473 |   3 |  612.0 |
               +--------+--------+--------+--------+--------+-----+--------+

Top non-repeatable levels by time:
     D:2: 876 daAuts
     D:1: 832 daAuts
     D:3: 127 daAuts
